Map: Ulrena

Players

Miltreta - Winner!

  • Race: Terran Terran

A.I. 1 (Easy)

  • Race: Protoss Protoss

VOD

Have the link to the VOD?

Description

Time

  • Played on: March 9, 2016, 11:35 a.m.
  • Length: 7:26
Show
View Real Time Build Order
Export as new Build Order

Miltreta Terran - Winner!

Build Orders:  

Get SALT Encoding   

  12  0:01  SCV  
  13  0:13  SCV  
  14  0:23  Supply Depot  
  14  0:43  SCV  
  15  0:50  Barracks  
  15  0:51  Refinery  
  15  0:56  SCV  
  16  1:01  Supply Depot  
  16  1:08  SCV  
  17  1:14  Barracks  
  17  1:24  SCV  
  18  1:31  Engineering Bay  
  18  1:41  Marine  
  19  1:51  Orbital Command  
  19  1:59  Marine  
  19  2:00  Refinery  
  20  2:22  Barracks Tech Lab  
  20  2:23  Barracks Tech Lab  
  20  2:29  SCV  
  21  2:49  Marauder, Command Center  
  23  2:53  Concussive Shells  
  23  3:02  SCV  
  23  3:04  Supply Depot  
  24  3:11  Marauder  
  26  3:14  SCV  
  26  3:18  Marauder  
  29  3:40  Marauder  
  31  3:54  Factory  
  31  4:08  SCV  
  32  4:17  Refinery  
  32  4:20  SCV  
  33  4:28  Marauder  
  33  4:29  Marauder  
  37  4:33  SCV  
  38  4:44  Widow Mine  
  38  4:45  SCV  
  41  4:50  Marauder x2  
  45  4:57  SCV  
  46  5:02  Armory  
  46  5:13  Widow Mine  
  48  5:29  Combat Shields  
  48  5:41  Widow Mine  
Show
View Real Time Build Order
Export as new Build Order

A.I. 1 (Easy) Protoss 

Build Orders:  

Get SALT Encoding   

  12  0:01  Probe (Chrono Boost)  
  13  0:11  Probe (Chrono Boost)  
  14  0:20  Pylon  
  14  0:22  Probe (Chrono Boost)  
  15  0:38  Probe (Chrono Boost)  
  16  0:44  Assimilator  
  16  0:51  Gateway  
  16  0:56  Pylon  
  16  1:17  Assimilator  
  16  1:36  Zealot  
  16  1:41  Cybernetics Core  
  18  2:07  Pylon  
  18  2:12  Probe (Chrono Boost)  
  19  2:17  Warp Gate  
  19  2:18  Stalker  
  22  2:23  Probe (Chrono Boost)  
  22  2:35  Probe (Chrono Boost)  
  23  2:46  Probe (Chrono Boost)  
  23  2:50  Adept  
  26  2:57  Probe (Chrono Boost)  
  27  3:09  Probe (Chrono Boost)  
  28  3:18  Stalker  
  30  3:49  Adept  
  32  6:17  Zealot  
  22  6:41  Probe (Chrono Boost)  
  22  6:43  Pylon, Adept  
  22  6:50  Pylon  
  22  6:55  Nexus  
  17  7:01  Probe (Chrono Boost)  
Tags
 
Add a new tag
Caveats
  • Supply blocks, unpowered buildings, or Contaminate may cause inaccurate times.
  • Supply counts are checked every 10 seconds.